 Dungeon Crawl Stone Soup version 0.22.1-2-g9c5b331383 (webtiles) character file.

1823 Gargoyl the Covered (level 8, -10/67 HPs)
             Began as a Centaur Abyssal Knight on Nov 20, 2018.
             Was a Priest of Lugonu.
             Mangled by an orc warrior
             ... wielding a +0 trident
              (17 damage)
             ... on level 7 of the Dungeon.
             The game lasted 00:09:02 (7491 turns).

Gargoyl the Covered (Centaur Abyssal Knight)        Turns: 7491, Time: 00:09:03

Health: -10/67     AC: 13    Str: 16    XL:     8   Next: 85%
Magic:  11/11      EV:  3    Int: 11    God:    Lugonu [***...]
Gold:   167        SH: 11    Dex:  8    Spells: 7/7 levels left

rFire    . . .     SeeInvis .   a - +2 hand axe
rCold    . . .     Gourm    .   r - +0 shield
rNeg     . . .     Faith    .   d - +0 chain mail
rPois    .         Spirit   .   l - +2 hat
rElec    .         Reflect  .   (no cloak)
rCorr    .         Harm     .   f - +1 pair of gloves
MR       .....                  (no barding)
Stlth    ..........             p - amulet of the acrobat
HPRegen  0.21/turn              (no ring)
MPRegen  0.12/turn              (no ring)

@: very quick
A: large, hooves 3, large bone plates 1, clumsy 1, deformed body, speed 2, tough
skin 3, evolution 1
a: Depart the Abyss, Bend Space, Banish, Renounce Religion


You were on level 7 of the Dungeon.
You worshipped Lugonu.
Lugonu was most pleased with you.
You were hungry.

You visited 1 branch of the dungeon, and saw 7 of its levels.
You visited the Abyss 1 time.

You collected 167 gold pieces.

Inventory:

Hand Weapons
 a - a +2 hand axe (weapon)
Armour
 d - a +0 chain mail (worn)
 f - a +1 pair of gloves (worn)
 l - a +2 hat (worn)
 r - a +0 shield (worn)
Jewellery
 p - an amulet of the acrobat (around neck)
 u - a +3 amulet of reflection {unknown}
Wands
 k - a wand of clouds (5)
 m - a wand of polymorph (11)
 o - a wand of iceblast (8)
Scrolls
 g - 3 scrolls of remove curse
 h - 2 scrolls of teleportation
 i - 4 scrolls of enchant weapon
 j - 5 scrolls of identify
Potions
 e - 2 potions of haste
Comestibles
 c - 13 rations


   Skills:
 + Level 4.4 Fighting
 + Level 5.3 Axes
 * Level 5.9 Armour
 + Level 1.6 Dodging
 + Level 1.5 Shields
 * Level 5.3 Invocations


You had 7 spell levels left.
You didn't know any spells.
Your spell library contained the following spells:

 Spells                   Type           Power        Failure   Level  Hunger
 Magic Dart               Conj           #...         100%        1    ##.....
 Blink                    Tloc           N/A          100%        2    ###....
 Call Imp                 Summ           #.......     100%        2    ###....
 Slow                     Hex            #.......     100%        2    ###....
 Conjure Flame            Conj/Fire      #.......     100%        3    ####...
 Mephitic Cloud           Conj/Pois/Air  #.......     100%        3    ####...


Dungeon Overview and Level Annotations

Branches:
Dungeon (7/15)             Temple (0/1) D:4

Altars:
Fedhas
Makhleb
Sif Muna
Wu Jian

Shops:
D:5 [

Annotations:
D:6 Dowan, Duvessa
Abyss:1 Blork the orc


Innate Abilities, Weirdness & Mutations

You have hooves in place of feet.
Armour fits poorly on your strangely shaped body.
You cover ground very quickly.
You have extremely tough skin. (AC +3)
You are partially covered in large bone plates. (SH +4)
You are clumsy. (Dex -2)
You evolve.


Message History

The orc warrior hits you from afar with a trident.
The ogre hits you with a giant spiked club!
Unknown command.
You hit the ogre.
The ogre is heavily wounded.
The orc warrior hits you from afar with a trident.
You hit the ogre.
The ogre is severely wounded.
You block the ogre's attack. You block the orc warrior's attack.
You hit the ogre.
The ogre is almost dead.
The ogre hits you with a giant spiked club!!
* * * LOW HITPOINT WARNING * * *
You block the orc warrior's attack.
Okay, then.
You feel better.
The ogre hits you with a giant spiked club!
* * * LOW HITPOINT WARNING * * *
The orc warrior hits you from afar with a trident!
You die...

.... ..... .O.. ##
. #... .###... #.
#.. #####......o #.
#..###.@.oo.# #.
##.....O####.#
####.# #.....### ..
#.....###...#.# #..
.......######5# #.
........# ##.###...
......<.####......#
...>...........####
....^...######..#


You could see an orc warrior, an ogre and an orc.

Vanquished Creatures
  Pikel (D:3)
  A hippogriff (D:5)
  Edmund (D:5)
  A water moccasin (D:5)
  A slave (D:3)
  An ogre (D:5)
  2 bullfrogs
  An elf skeleton (D:4)
  A crimson imp (D:7)
  A quasit (D:5)
  A centaur zombie (D:5)
  A hound (D:3)
  A bullfrog zombie (D:5)
  2 orc priests
  2 orc wizards
  A centaur skeleton (D:4)
  Ijyb (D:4)
  2 human skeletons (D:4)
  4 worker ants
  8 adders
  An ooze (D:4)
  An adder skeleton (D:4)
  A worm (D:2)
  2 dart slugs (D:2)
  A leopard gecko (D:3)
  14 orcs
  4 giant cockroaches
  9 goblins
  7 hobgoblins
  10 jackals
  2 quokkas (D:2)
  6 bats
  5 frilled lizards
  5 kobolds
  An orc skeleton (D:4)
  2 orc zombies (D:4)
  A quokka skeleton (D:5)
  2 quokka zombies (D:5)
  6 rats
114 creatures vanquished.

Vanquished Creatures (others)
  A crimson imp (D:4)
  A ball python (D:4)
2 creatures vanquished.

Grand Total: 116 creatures vanquished

Notes
Turn   | Place    | Note
-------+----------+-------------------------------------------
     0 | Abyss:1  | Gargoyl the Centaur Abyssal Knight began the quest for the
                  | Orb.
     0 | Abyss:1  | Reached XP level 1. HP: 19/19 MP: 2/2
    83 | Abyss:1  | Noticed a small abomination
   107 | Abyss:1  | Noticed a golden eye
   176 | Abyss:2  | Noticed a worldbinder
   179 | Abyss:2  | Noticed a naga
   185 | Abyss:2  | Noticed a mana viper
   189 | Abyss:2  | Noticed a thrashing horror
   193 | D:1      | Escaped the Abyss
   362 | D:1      | Reached XP level 2. HP: 20/26 MP: 3/3
   377 | D:1      | Reached * piety under Lugonu
  1394 | D:2      | Reached XP level 3. HP: 14/31 MP: 4/4
  2169 | D:2      | Reached XP level 4. HP: 27/38 MP: 5/5
  2575 | D:2      | Reached ** piety under Lugonu
  3134 | D:2      | Found a blossoming altar of Fedhas.
  3134 | D:2      | Found an ornate altar of the Wu Jian Council.
  3205 | D:3      | Found a faded altar of an unknown god.
  3551 | D:3      | Reached XP level 5. HP: 45/45 MP: 7/7
  3752 | D:3      | Found a burning altar of Makhleb.
  4212 | D:4      | Found a staircase to the Ecumenical Temple.
  4212 | D:4      | Found the amulet of the Air {Inacc +Fly rElec EV+5 RMsl}
  4218 | D:4      | Noticed a slave
  4530 | D:3      | Killed a slave
  4532 | D:3      | Reached XP level 6. HP: 18/51 MP: 8/8
  4748 | D:4      | Noticed Pikel
  4749 | D:4      | Noticed a slave
  4752 | D:4      | Noticed a slave
  4756 | D:4      | Noticed a slave
  4783 | D:3      | Killed Pikel
  4783 | D:3      | Reached skill level 1 in Dodging
  4783 | D:3      | Reached XP level 7. HP: 24/58 MP: 9/9
  5103 | D:4      | Reached skill level 5 in Armour
  5235 | D:4      | Noticed Ijyb
  5249 | D:4      | Killed Ijyb
  5396 | D:4      | Gained mutation: You are clumsy. (Dex -2) [potion of
                  | mutation]
  5396 | D:4      | Gained mutation: You are partially covered in large bone
                  | plates. (SH +4) [potion of mutation]
  5396 | D:4      | Gained mutation: You evolve. [potion of mutation]
  5716 | D:4      | Reached XP level 8. HP: 66/66 MP: 11/11
  5731 | D:4      | Reached *** piety under Lugonu
  5874 | D:5      | Entered Level 5 of the Dungeon
  6024 | D:5      | Found Usenuapp's Antique Armour Shop.
  6037 | D:5      | Noticed a hippogriff
  6052 | D:5      | Killed a hippogriff
  6371 | D:5      | Noticed Edmund
  6399 | D:5      | Killed Edmund
  6399 | D:5      | Reached skill level 5 in Axes
  6603 | D:5      | Reached skill level 1 in Shields
  6603 | D:5      | Reached skill level 5 in Invocations
  7032 | D:5      | Noticed Blork the orc
  7056 | D:5      | Found a deep blue altar of Sif Muna.
  7072 | D:5      | Banished Blork the orc
  7416 | D:6      | Noticed Dowan
  7418 | D:6      | Noticed Duvessa
  7491 | D:7      | Mangled by an orc warrior

Skill      XL: |  1  2  3  4  5  6  7  8 |
---------------+-------------------------+-----
Axes           | 2 3 4 5 |  5.3
Armour         | 2 3 4 5 |  5.9
Invocations    | 3 4 5 |  5.3
Dodging        | 1 |  1.6
Fighting       | 4 |  4.4
Shields        | 1 |  1.5

Action                   |  1- 3 |  4- 6 |  7- 9 || total
-------------------------+-------+-------+-------++-------
Melee: Hand axe          |    96 |   179 |   229 ||   504
       Kick              |    16 |    30 |    52 ||    98
       Unarmed           |       |       |     6 ||     6
Invok: Depart the Abyss  |     1 |       |       ||     1
       Bend Space        |       |       |     4 ||     4
       Banish            |       |       |     1 ||     1
  Use: Potion            |     1 |     1 |     6 ||     8
       Scroll            |     1 |       |    11 ||    12
  Eat: Chunk             |     3 |     7 |     7 ||    17
Armor: Chain mail        |    74 |   169 |   134 ||   377
Dodge: Dodged            |    22 |    46 |    49 ||   117
Block: Other             |       |       |     8 ||     8
       Shield            |       |       |    99 ||    99
